 Dungeon Crawl Stone Soup version 0.20-a0-1127-g1289703 (webtiles) character file.

834 ArtsTyrian the Covert (level 7, -3/62 HPs)
             Began as a Naga Assassin on May 18, 2017.
             Slain by a gnoll
             ... wielding a +0 spear
              (11 damage)
             ... on level 4 of the Dungeon.
             The game lasted 00:32:01 (4530 turns).

ArtsTyrian the Covert (Naga Assassin)               Turns: 4530, Time: 00:32:03

Health: -3/62      AC:  5    Str: 13    XL:     7   Next: 98%
Magic:  7/7        EV: 10    Int: 11    God:
Gold:   201        SH:  3    Dex: 15    Spells: 6/6 levels left

rFire    . . .     SeeInvis +   n - +1 dagger (venom)
rCold    + . .     Gourm    .   j - +0 buckler
rNeg     . . .     Faith    .   c - +0 robe
rPois    +         Spirit   .   (helmet restricted)
rElec    .         Reflect  .   d - +1 cloak
rCorr    +         Harm     .   (no gloves)
MR       .....                  (no barding)
Stlth    +++++.....             k - amulet of magic regeneration
Regen    0.2/turn               i - ring of resist corrosion
MPRegen  0.2/turn               q - ring of flight

@: very slow
A: beak, see invisible, cold resistance 1, deformed body, sense surroundings 1,
poison resistance, slowness 2, slow metabolism 1, spit poison 1, AC +2
a: Spit Poison, Evoke Flight


You were on level 4 of the Dungeon.
You were not hungry.

You visited 1 branch of the dungeon, and saw 4 of its levels.

You collected 201 gold pieces.

Inventory:

Hand Weapons
 a - a +2 dagger
 n - a +1 dagger of venom (weapon)
Missiles
 e - 27 poisoned needles
 f - 2 curare-tipped needles
Armour
 c - a +0 robe (worn)
 d - a +1 cloak (worn)
 j - a +0 buckler (worn)
Jewellery
 i - a ring of resist corrosion (left hand)
 k - an amulet of magic regeneration (around neck)
 q - a ring of flight (right hand)
Wands
 u - a wand of enslavement (6/24)
Scrolls
 b - a scroll of identify
 r - a scroll of recharging
 w - 2 scrolls of teleportation
Potions
 p - a potion of flight
Comestibles
 g - 2 bread rations
 s - a meat ration
 t - 3 fruits


   Skills:
 * Level 3.3 Fighting
 + Level 3.0 Short Blades
 - Level 2.0 Throwing
 * Level 2.1 Dodging
 + Level 12.3 Stealth


You had 6 spell levels left.
You didn't know any spells.

Dungeon Overview and Level Annotations

Branches:
Dungeon (4/15)
 Temple: D:4-7

Altars:
Gozag
Makhleb
Nemelex Xobeh
Trog
Zin


Innate Abilities, Weirdness & Mutations

You cannot wear boots.
Your serpentine skin is tough. (AC +2)
You have supernaturally acute eyesight. (SInv)
Armour fits poorly on your strangely shaped body.
Your system is resistant to poisons. (rPois)
You cover ground very slowly.
You have a slow metabolism.
You can spit poison.
You have a beak for a mouth.
Your flesh is cold resistant. (rC+)
You passively map a small area around you.


Message History

The gnoll hits you but does no damage.
You hit the gnoll shaman but do no damage.
The gnoll shaman looks as sick as possible!
The gnoll shaman is severely wounded.
The gnoll shaman hits you with a whip.
* * * LOW HITPOINT WARNING * * *
The gnoll completely misses you.
The adder hisses angrily.
You hit the gnoll shaman.
The gnoll shaman looks as sick as possible!
Your peck misses the gnoll shaman.
The gnoll shaman is severely wounded.
You block the gnoll's attack. The gnoll shaman misses you.
You hit the gnoll shaman but do no damage.
The gnoll shaman looks as sick as possible!
Your peck misses the gnoll shaman.
The gnoll shaman is almost dead.
You kill the gnoll shaman!
The gnoll hits you from afar with a spear!
You die...

...)....# #....#
........###....######
...†.......†).......###########*
........###....####...#........*
######### #....# #...#.....!..*
#....# #...#........*
###########....# #...#........*
).........#....####g..#........**
..)......[+.....@)ggS..........,,
..........#....######.......g.g**
..........####.,...............*
..........# #.,........####g##*
####....### #S.........#* *,#
####.[..######...........* *,*
.............######....#.# *,* *
..............#,,,#..([#+#**+****
..........).†.+,,,#....,,,,,,,,**


You could see 3 gnolls and an adder.

Vanquished Creatures
  The ghost of ArtsTyrian the Grasshopper, an amateur NaWr (D:4)
  2 ogres (D:4)
  2 big kobolds (D:3)
  A scorpion (D:4)
  A hound (D:4)
  An orc priest (D:3)
  A gnoll shaman (D:4)
  An orc wizard (D:3)
  A centaur skeleton (D:4)
  4 worker ants
  4 adders
  An ooze (D:3)
  6 worms
  A dart slug (D:1)
  A leopard gecko (D:1)
  9 orcs
  3 ball pythons
  4 giant cockroaches
  7 goblins
  8 hobgoblins
  3 jackals (D:3)
  17 kobolds
  A quokka (D:2)
  11 bats
  5 frilled lizards
  12 rats
108 creatures vanquished.

Notes
Turn   | Place    | Note
-------+----------+-------------------------------------------
     0 | D:1      | ArtsTyrian the Naga Assassin began the quest for the Orb.
     0 | D:1      | Reached XP level 1. HP: 19/19 MP: 1/1
     2 | D:1      | Noticed a naga
     4 | D:1      | Noticed an octopode
     4 | D:1      | Noticed a gargoyle
     6 | D:1      | Noticed an elf
     6 | D:1      | Noticed a minotaur
     8 | D:1      | Noticed a vampire
    10 | D:1      | Noticed a dwarf
    10 | D:1      | Noticed a merfolk
    12 | D:1      | Noticed a human
    12 | D:1      | Noticed a demonspawn
    14 | D:1      | Noticed an ogre
    16 | D:1      | Noticed a centaur
    16 | D:1      | Noticed a formicid
    18 | D:1      | Noticed a tengu
    20 | D:1      | Noticed a ghoul
    20 | D:1      | Noticed a spriggan
    22 | D:1      | Noticed a demigod
    22 | D:1      | Noticed a troll
    24 | D:1      | Noticed a felid
    24 | D:1      | Noticed a draconian
    26 | D:1      | Noticed a halfling
    26 | D:1      | Noticed a vine stalker
    64 | D:1      | Reached skill level 6 in Stealth
    89 | D:1      | Reached XP level 2. HP: 7/26 MP: 2/2
   797 | D:1      | Reached XP level 3. HP: 23/32 MP: 3/3
  1169 | D:2      | Found a glowing silver altar of Zin.
  1208 | D:2      | Reached skill level 1 in Dodging
  1303 | D:2      | Reached skill level 7 in Stealth
  1581 | D:2      | Reached XP level 4. HP: 31/39 MP: 4/4
  2071 | D:3      | Reached skill level 8 in Stealth
  2090 | D:3      | Reached XP level 5. HP: 37/45 MP: 5/5
  2220 | D:3      | Noticed a big kobold
  2221 | D:3      | Noticed a big kobold
  2254 | D:3      | Gained mutation: You expend magic power (3 MP) to strengthen your wands. [potion of mutation]
  2254 | D:3      | Gained mutation: You evolve. [potion of mutation]
  2272 | D:3      | Killed a big kobold
  2272 | D:3      | Reached skill level 9 in Stealth
  2546 | D:3      | Killed a big kobold
  2546 | D:3      | Reached skill level 10 in Stealth
  2546 | D:3      | Reached XP level 6. HP: 15/52 MP: 6/6
  3103 | D:3      | Lost mutation: You expend magic power (3 MP) to strengthen your wands. [potion of mutation]
  3103 | D:3      | Lost mutation: You evolve. [potion of mutation]
  3103 | D:3      | Gained mutation: Your flesh is cold resistant. (rC+) [potion of mutation]
  3103 | D:3      | Gained mutation: You have a beak for a mouth. [potion of mutation]
  3103 | D:3      | Gained mutation: You passively map a small area around you. [potion of mutation]
  3209 | D:3      | Found a bloodstained altar of Trog.
  3210 | D:3      | Found a sparkling altar of Nemelex Xobeh.
  3212 | D:3      | Found an opulent altar of Gozag.
  3212 | D:3      | Found a burning altar of Makhleb.
  3823 | D:4      | Noticed ArtsTyrian's ghost (amateur NaWr)
  3889 | D:4      | Killed ArtsTyrian's ghost
  3889 | D:4      | Reached skill level 11 in Stealth
  3889 | D:4      | Reached XP level 7. HP: 38/60 MP: 7/7
  4454 | D:4      | Reached skill level 12 in Stealth
  4530 | D:4      | Slain by a gnoll

Vault maps used:
D:1:      kb_arrival_jail
D:2:      zin_statuary
D:3:      cheibrodos_thug_alley, chequers_temple_overflow_statue_of_worship,
          moated_statue
D:4:      minmay_opposing_rooms, overflow_temple_1_default, eino_tiny_chamber

Skill      XL: |  1  2  3  4  5  6  7 |
---------------+----------------------+-----
Stealth        | 6 7 8 10 11 12 | 12.3
Throwing       | 2 |  2.0
Dodging        | 1 2 |  2.1
Fighting       | 3 |  3.3
Short Blades   | 3 |  3.0

Action                   |  1- 3 |  4- 6 |  7- 9 || total
-------------------------+-------+-------+-------++-------
Melee: Dagger            |   142 |   297 |    55 ||   494
       Peck              |       |    13 |    19 ||    32
       Hand axe          |       |       |    27 ||    27
 Abil: Spit Poison       |       |     4 |     4 ||     8
  Use: Potion            |       |    12 |     1 ||    13
       Scroll            |       |     6 |     2 ||     8
 Stab: Sleeping          |    17 |     8 |     5 ||    30
  Eat: Fruit             |     2 |       |       ||     2
       Royal jelly       |     1 |     1 |       ||     2
       Meat ration       |       |     1 |       ||     1
Armor: Robe              |    37 |    53 |    16 ||   106
Dodge: Dodged            |    56 |    91 |    33 ||   180
Block: Buckler           |    17 |    36 |    12 ||    65
